 Dungeon Crawl Stone Soup version 0.26.1-11-gd32895ea62 (webtiles) character file.

Game seed: 7530519031126738905

13614 Zeld the Fighter (level 11, -21/92 (93) HPs)
             Began as a Demonspawn Abyssal Knight on June 12, 2021.
             Was the Champion of Lugonu.
             Demolished by a white ugly thing (30 damage)
             ... on level 11 of the Dungeon.
             The game lasted 00:21:22 (17374 turns).

Zeld the Fighter (Demonspawn Abyssal Knight)       Turns: 17374, Time: 00:21:22

HP:   -21/92 (93)   AC: 18    Str: 20    XL:     11   Next: 77%
MP:   5/5           EV:  9    Int: 13    God:    Lugonu [******]
Gold: 80            SH:  5    Dex: 12    Spells: 10/10 levels left

rFire    . . .     SeeInvis .   a - +9 dagger "Fauhin" {antimagic, Will+}
rCold    . . .     Faith    .   (no shield)
rNeg     . . .     Spirit   .   l - +0 plate armour
rPois    +         Reflect  +   x - +1 hat
rElec    +         Harm     .   t - +0 cloak
rCorr    +         Rampage  .   y - +2 pair of gloves {Str+3}
Will     +....                  (boots unavailable)
Stlth    ..........             D - amulet "Afru" {Reflect rElec SH+5}
HPRegen  0.25/turn              h - ring of poison resistance
MPRegen  0.09/turn              n - ring of resist corrosion

@: about to teleport, lightly drained
A: talons 3, slimy green scales 2, foul stench 1, spiny 2, miasma immunity
a: Renounce Religion, Depart the Abyss, Bend Space, Banish, Corrupt, Enter the
Abyss, Brand Weapon With Distortion


You were on level 11 of the Dungeon.
You worshipped Lugonu.
Lugonu was exalted by your worship.
You visited 2 branches of the dungeon, and saw 12 of its levels.
You visited the Abyss 1 time.

You collected 695 gold pieces.
You spent 615 gold pieces at shops.

Inventory:

Hand Weapons
 a - the +9 dagger "Fauhin" (weapon) {antimagic, Will+}
   (You found it on level 5 of the Dungeon)

   It reduces the magical energy of the wielder, and disrupts the spells and
   magical abilities of those hit.
   Natural abilities and divine invocations are not affected.
   It affects your willpower, your defense against some magical effects.
 b - a +4 dagger of venom
Armour
 f - a +0 pair of boots
 l - a +0 plate armour (worn)
 t - a +0 cloak (worn)
 x - a +1 hat (worn)
 y - a +2 pair of gloves of strength (worn)
Jewellery
 c - an uncursed ring of protection from cold
 h - a ring of poison resistance (left hand)
 n - a ring of resist corrosion (right hand)
 A - an uncursed ring of flight
 D - the amulet "Afru" (around neck) {Reflect rElec SH+5}
   (You bought it in a shop on level 9 of the Dungeon)

   [amulet of reflection]

   It shields you and reflects attacks.
   It insulates you from electricity.
   It affects your SH (+5).
Wands
 d - a wand of disintegration (23)
 i - a wand of paralysis (2)
 r - a wand of flame (17)
 z - a wand of iceblast (10)
 B - a wand of digging (5)
Scrolls
 e - 9 scrolls of remove curse
 g - a scroll of fear
 k - 3 scrolls of magic mapping
 s - 6 scrolls of teleportation
 u - 6 scrolls of identify
Potions
 j - a potion of flight
 m - 4 potions of might
 o - 2 potions of haste
 p - 3 potions of curing
 q - 2 potions of heal wounds
 v - 2 potions of brilliance
 w - 2 potions of cancellation
 C - a potion of berserk rage


   Skills:
 * Level 11.4 Fighting
 - Level 10.0 Short Blades
 - Level 1.7 Armour
 + Level 10.0 Dodging
 * Level 5.4 Invocations


You had 10 spell levels left.
You didn't know any spells.
Your spell library contained the following spells:

 Spells                   Type           Power        Failure   Level
 Corona                   Hex            0%           100%        1
 Freeze                   Ice            0%           100%        1
 Magic Dart               Conj           0%           100%        1
 Shock                    Conj/Air       0%           100%        1
 Blink                    Tloc           N/A          100%        2
 Call Imp                 Summ           0%           100%        2
 Ensorcelled Hibernation  Hex/Ice        0%           100%        2
 Slow                     Hex            0%           100%        2
 Swiftness                Air            0%           100%        2
 Confusing Touch          Hex            0%           100%        3
 Conjure Flame            Conj/Fire      0%           100%        3
 Dazzling Flash           Conj/Hex       0%           100%        3
 Frozen Ramparts          Ice            0%           100%        3
 Mephitic Cloud           Conj/Pois/Air  0%           100%        3
 Ozocubu's Armour         Ice            0%           100%        3
 Static Discharge         Conj/Air       0%           100%        3
 Tukima's Dance           Hex            0%           100%        3
 Airstrike                Air            0%           100%        4
 Hailstorm                Conj/Ice       0%           100%        4
 Summon Ice Beast         Ice/Summ       0%           100%        4
 Lightning Bolt           Conj/Air       0%           100%        5


Dungeon Overview and Level Annotations

Branches:
Dungeon (11/15)            Temple (1/1) D:4            Lair (0/6) D:8
    Orc: D:9-12

Altars:
Ashenzari
Cheibriados
Dithmenos
Elyvilon
Fedhas
Gozag
Hepliaklqana
Kikubaaqudgha
Makhleb
Nemelex Xobeh
Okawaru
Qazlal
Ru
Sif Muna
Trog
Uskayaw
Vehumet
Wu Jian
Xom
Yredelemnul
Zin
The Shining One
Beogh

Shops:
D:9 =

Annotations:
D:8 3 runed translucent doors, Ekaitz's ghost, novice DsEE
D:11 3 runed translucent doors


Innate Abilities, Weirdness & Mutations

You have claws for feet.
You are mostly covered in slimy green scales. (AC +3)
You may emit foul miasma when damaged in melee.
You are mostly covered in sharp spines.
You are immune to miasma.


Message History

You puncture the white ugly thing! Your kick misses the white ugly thing.
The white ugly thing is heavily wounded.
You puncture the white ugly thing!
The white ugly thing is severely wounded.
The white ugly thing tail-slaps you. The white ugly thing freezes you!!
You hit the white ugly thing.
The white ugly thing is severely wounded.
You puncture the white ugly thing!
The white ugly thing is almost dead.
The white ugly thing is struck by your spines.
The white ugly thing tail-slaps you! The white ugly thing freezes you!!
* * * LOW HITPOINT WARNING * * *
You are too injured to fight recklessly!
You are too injured to fight recklessly!
You are too injured to fight recklessly!
As you read the scroll of teleportation, it crumbles to dust.
You feel strangely unstable. The white ugly thing tail-slaps you!
* * * LOW HITPOINT WARNING * * *
The white ugly thing freezes you!!
You die...

...............#
##.#.##..
########.##.#..#
#..
.....>.....#..#
#..
#######.#..)..#
#.. #.#.#)..###
#.. #.#.#))...#
#..
#.#.#.#.#.#####.#
#..
#.#.....#.......#
#..
#.......+@......+
######..#u......+
...#.......+
###>#.......#
#.#.......#
.#.......#
#.......#
#######.#


You could see a white ugly thing (sick).

Vanquished Creatures
  A two-headed ogre (D:8)
  Pikel (D:4)
  A troll (D:8)
  Grinder (D:5)
  Prince Ribbit (D:5)
  The ghost of oc3rt the Bolt Thrower, an amateur KoHu (D:7)
  Sigmund (D:5)
  A spriggan (D:10)
  2 wraiths (D:7)
  3 yaks (D:11)
  Menkaure (D:5)
  A water moccasin (D:6)
  7 orc warriors
  Duvessa (D:5)
  A hornet zombie (D:9)
  5 ice beasts
  10 ogres
  2 black bears
  2 necrophages
  4 wolves (D:8)
  An eye of draining (D:11)
  2 sky beasts
  8 centaurs
  An elf zombie (D:7)
  The ghost of oc3rt the Bolt Thrower, an amateur KoHu (D:2)
  2 big kobolds
  7 bullfrogs
  2 gnoll sergeants
  Dowan (D:5)
  5 scorpions
  A water moccasin skeleton (D:5)
  A troll zombie (D:7)
  24 killer bees
  23 wights
  8 electric eels
  11 howler monkeys
  2 bullfrog zombies
  A quasit (D:7)
  A bullfrog skeleton (D:8)
  3 centaur zombies
  2 human zombies (D:7)
  Crazy Yiuf (D:2)
  A jelly (D:7)
  2 human skeletons (D:7)
  6 orc priests
  3 centaur skeletons
  6 hounds
  An iron imp (D:8)
  16 orc wizards
  Ijyb (D:5)
  Jessica (D:2)
  4 iguanas
  6 worker ants
  2 hound zombies
  A hound skeleton (D:11)
  5 worker ant zombies
  4 mummies (D:7)
  14 gnolls
  14 adders
  2 shadow imps
  4 white imps
  3 ufetubi
  5 oozes
  5 worms
  2 adder skeletons
  An adder zombie (D:6)
  3 dart slugs
  9 leopard geckos
  47 orcs
  11 giant cockroaches
  7 hobgoblins
  4 jackals (D:6)
  2 quokkas
  3 ball pythons
  10 bats
  6 frilled lizards
  11 goblins
  17 kobolds
  A quokka skeleton (D:10)
  A quokka zombie (D:9)
  5 rats
401 creatures vanquished.

Vanquished Creatures (others)
  2 orcs (D:11)
  17 fungi
  28 plants
  A withered plant (D:9)
48 creatures vanquished.

Grand Total: 449 creatures vanquished

Notes
Turn   | Place    | Note
-------+----------+-------------------------------------------
     0 | Abyss:1  | Zeld the Demonspawn Abyssal Knight began the quest for the
                  | Orb.
     0 | Abyss:1  | Reached XP level 1. HP: 18/18 MP: 2/2
    80 | Abyss:1  | Noticed a worldbinder
    85 | Abyss:1  | Noticed a jumping spider
    85 | Abyss:1  | Noticed a jumping spider
    85 | Abyss:1  | Noticed a jumping spider
    86 | D:1      | Escaped the Abyss
   155 | D:1      | Reached skill level 1 in Dodging
   215 | D:1      | Gained mutation: You are partially covered in slimy green
                  | scales. (AC +2) [demonic ancestry]
   215 | D:1      | Reached XP level 2. HP: 23/24 MP: 3/3
   251 | D:1      | Reached * piety under Lugonu
   708 | D:1      | Gained mutation: You are mostly covered in slimy green
                  | scales. (AC +3) [demonic ancestry]
   708 | D:1      | Reached XP level 3. HP: 29/29 MP: 4/4
  1269 | D:2      | Found a radiant altar of Vehumet.
  1604 | D:2      | Reached ** piety under Lugonu
  1822 | D:2      | Gained mutation: You are partially covered in sharp spines.
                  | [demonic ancestry]
  1822 | D:2      | Reached XP level 4. HP: 35/35 MP: 5/5
  2017 | D:2      | Noticed Jessica
  2026 | D:2      | Killed Jessica
  2440 | D:2      | Found a runed translucent door.
  2441 | D:2      | Noticed Crazy Yiuf
  2756 | D:2      | Killed Crazy Yiuf
  2757 | D:2      | Reached XP level 5. HP: 42/42 MP: 6/6
  2824 | D:3      | Found a runed translucent gate.
  3043 | D:3      | Reached skill level 4 in Fighting
  3386 | D:3      | Gained mutation: You have sharp toenails. [demonic
                  | ancestry]
  3386 | D:3      | Reached XP level 6. HP: 48/48 MP: 7/7
  4076 | D:3      | Found a runed translucent gate.
  4077 | D:3      | Found a runed translucent gate.
  4078 | D:3      | Identified the +7 scale mail of Hadjma {rN+ Int+3}
  4079 | D:3      | Noticed oc3rt's ghost (amateur KoHu)
  4084 | D:3      | Found a roughly hewn altar of Beogh.
  4114 | D:3      | Reached *** piety under Lugonu
  4153 | D:2      | Killed oc3rt's ghost
  4154 | D:2      | Reached skill level 5 in Short Blades
  4785 | D:4      | Gained mutation: You have razor-sharp toenails. [demonic
                  | ancestry]
  4785 | D:4      | Reached XP level 7. HP: 50/55 MP: 8/8
  4895 | D:4      | Noticed Pikel
  4911 | D:4      | Killed Pikel
  4912 | D:4      | Reached skill level 5 in Fighting
  4981 | D:4      | Gained mutation: You are immune to miasma. [demonic
                  | ancestry]
  4981 | D:4      | Reached XP level 8. HP: 61/63 MP: 9/9
  5038 | D:4      | Found a staircase to the Ecumenical Temple.
  5046 | Temple   | Entered the Ecumenical Temple
  5287 | D:5      | Entered Level 5 of the Dungeon
  5316 | D:5      | Noticed Ijyb
  5320 | D:5      | Paralysed by Ijyb for 5 turns
  5328 | D:5      | Killed Ijyb
  5344 | D:5      | Noticed Sigmund
  5598 | D:5      | Killed Sigmund
  5684 | D:5      | Noticed Prince Ribbit
  5691 | D:5      | Killed Prince Ribbit
  5692 | D:5      | Reached skill level 6 in Fighting
  5733 | D:5      | Found a sparkling altar of Nemelex Xobeh.
  5878 | D:5      | Noticed Dowan
  5879 | D:5      | Noticed Duvessa
  5893 | D:5      | Killed Duvessa
  5894 | D:5      | Reached skill level 5 in Dodging
  5913 | D:5      | Killed Dowan
  5923 | D:5      | Got a crude dagger
  5936 | D:5      | Identified the +9 dagger "Fauhin" {antimagic, Will+} (You
                  | found it on level 5 of the Dungeon)
  5973 | D:5      | Noticed Grinder
  5986 | D:5      | Killed Grinder
  5987 | D:5      | Gained mutation: You are mostly covered in sharp spines.
                  | [demonic ancestry]
  5987 | D:5      | Reached XP level 9. HP: 69/71 MP: 3/10
  6065 | D:5      | Noticed Menkaure
  6084 | D:5      | Killed Menkaure
  6897 | D:6      | Found a hazy altar of Hepliaklqana.
  7107 | D:6      | Reached skill level 7 in Fighting
  7139 | D:6      | Identified the cursed +1 mace of Haar {venom, Str+2}
  7409 | D:6      | Reached **** piety under Lugonu
  8230 | D:7      | Gained mutation: You have claws for feet. [demonic
                  | ancestry]
  8230 | D:7      | Reached XP level 10. HP: 38/79 MP: 4/11
  8671 | D:6      | Reached skill level 8 in Fighting
  8816 | D:7      | Reached ***** piety under Lugonu
  9189 | D:7      | Noticed oc3rt's ghost (amateur KoHu)
  9237 | D:7      | Found a transporter.
  9242 | D:7      | Found a transporter.
  9481 | D:7      | Reached skill level 10 in Short Blades
 10035 | D:7      | Found an ancient bone altar of Kikubaaqudgha.
 10358 | D:7      | Reached skill level 9 in Fighting
 10584 | D:7      | Killed oc3rt's ghost
 10666 | D:8      | Noticed Ekaitz's ghost (novice DsEE)
 10666 | D:8      | Noticed a ten-headed hydra
 10667 | D:8      | Found a runed translucent gate.
 10667 | D:8      | Found a runed translucent gate.
 10667 | D:8      | Found a runed translucent gate.
 11170 | D:8      | Found a staircase to the Lair.
 11552 | D:8      | Found a snail-covered altar of Cheibriados.
 11665 | D:8      | Found a sacrificial altar of Ru.
 13077 | D:8      | Gained mutation: You may emit foul miasma when damaged in
                  | melee. [demonic ancestry]
 13077 | D:8      | Reached XP level 11. HP: 72/90 MP: 4/12
 13271 | D:9      | Found a basalt altar of Yredelemnul.
 13365 | D:9      | Reached skill level 10 in Fighting
 13365 | D:9      | Noticed a two-headed ogre
 13448 | D:8      | Killed a two-headed ogre
 13745 | D:9      | Found a blossoming altar of Fedhas.
 13773 | D:9      | Found a stormy altar of Qazlal.
 13866 | D:9      | Found Leada's Jewellery Emporium.
 13877 | D:9      | Bought an uncursed ring of flight for 175 gold pieces
 13900 | D:9      | Reached ****** piety under Lugonu
 14599 | D:10     | Entered Level 10 of the Dungeon
 14954 | D:10     | Reached skill level 11 in Fighting
 15723 | D:9      | Bought the amulet "Afru" {Reflect rElec SH+5} for 440 gold
                  | pieces
 17080 | D:11     | Reached skill level 5 in Invocations
 17327 | D:11     | Reached skill level 10 in Dodging
 17362 | D:11     | Noticed a white ugly thing
 17363 | D:11     | Found a runed translucent gate.
 17363 | D:11     | Found a runed translucent gate.
 17363 | D:11     | Found a runed translucent gate.
 17374 | D:11     | Demolished by a white ugly thing

Illustrated notes

Levels and vault maps discovered:
D:1:      mushboom_english_gardens, layout_basic
D:2:      layout_loops_corners, vehumet_crystals, minmay_close_crescents,
          uniq_jessica, uniq_crazy_yiuf_cottage
D:3:      layout_basic, serial_bayou, serial_bayou_lagoon_a,
          serial_bayou_pond_e, serial_bayou_shore_b, serial_bayou_lake_a,
          biasface_ghost_orc_armoury
D:4:      layout_rooms, minmay_temple_entry_overgrown, uniq_pikel
D:5:      layout_basic, chequers_serial_rivers_micro_b,
          nemelex_spade_bored_becter, uniq_ijyb, uniq_grinder,
          uniq_prince_ribbit1, uniq_sigmund, uniq_duvessa, uniq_menkaure
D:6:      layout_basic, nzn_hepliaklqana_mist_gate, serial_aquarium,
          aquarium_bridge_square [aquarium_subvault_window,
          aquarium_subvault_balcony, aquarium_subvault_bridge,
          aquarium_subvault_bridge], aquarium_window_fake,
          aquarium_window_corridor_3, aquarium_window_fake, aquarium_window_2,
          aquarium_view_2f, aquarium_view_2e, aquarium_pool_2
D:7:      minmay_thinvault, layout_layer_cave,
          lemuel_mausoleum_altar_kikubaaqudgha, gammafunk_ghost_mausoleum
D:8:      layout_basic, nicolae_ru_awakened_eye, slow_altar_2, erik_lair_island,
          gammafunk_ghost_hydra_chop, chequers_serial_rivers_large_b,
          st_stairs_2, minmay_misc_feat_tower
D:9:      kennysheep_six_static_rooms, layout_irregular_city,
          grunt_temple_overflow_forces_of_nature, yredelemnul_altar_generic,
          serial_shops, kennysheep_mini
D:10:     layout_loops_ring, the_bakery
D:11:     layout_basic, biasface_ghost_orc_armoury
Temple:   zaba_magenta_temple

Skill      XL: |  1  2  3  4  5  6  7  8  9 10 11 |
---------------+----------------------------------+-----
Dodging        | 1 2 3 4 5 6 8 10 | 10.0
Short Blades   | 2 3 4 5 6 7 9 10 | 10.0
Fighting       | 4 5 6 7 9 11 | 11.4
Invocations    | 5 |  5.4
Armour         | |  1.7

Action                   |  1- 3 |  4- 6 |  7- 9 | 10-12 || total
-------------------------+-------+-------+-------+-------++-------
Melee: Short sword       |   177 |       |       |       ||   177
       Dagger            |       |   194 |   304 |   732 ||  1230
       Kick              |       |       |       |   225 ||   225
Invok: Depart the Abyss  |     1 |       |       |       ||     1
       Bend Space        |       |       |       |     3 ||     3
       Banish            |       |       |       |     1 ||     1
Evoke: Wand              |       |     1 |     1 |     5 ||     7
  Use: Scroll            |       |     7 |     8 |     7 ||    22
       Potion            |       |       |     2 |     3 ||     5
 Stab: Sleeping          |     1 |       |       |       ||     1
       Paralysed         |       |       |     1 |       ||     1
Armor: Leather armour    |    23 |       |       |       ||    23
       Plate armour      |    61 |    75 |   117 |   228 ||   481
Dodge: Dodged            |    52 |    29 |    57 |   151 ||   289
Block: Other             |    40 |    42 |    40 |   113 ||   235
       Reflection        |       |     2 |     5 |     5 ||    12
